 Dungeon Crawl Stone Soup version 0.20-a0-893-g832831a (webtiles) character file.

5957 nikopol the Spear-Bearer (level 10, -13/139 HPs)
             Began as a Minotaur Berserker on Mar 15, 2017.
             Was a High Priest of Trog.
             Hit by a large rock thrown by a cyclops (22 damage)
             ... on level 9 of the Dungeon on Mar 16, 2017.
             The game lasted 00:23:43 (9842 turns).

nikopol the Spear-Bearer (Minotaur Berserker)       Turns: 9842, Time: 00:23:43

Health: -13/139    AC: 12    Str: 28    XL:     10   Next: 54%
Magic:  9/9        EV: 16    Int:  4    God:    Trog [*****.]
Gold:   385        SH:  0    Dex: 12    Spells: 9/9 levels left

rFire    . . .     SeeInvis .   a - +1 spear
rCold    . . .     Gourm    +   q - +1 ring mail {MR+}
rNeg     . . .     Faith    .   (no shield)
rPois    .         Spirit   .   (helmet restricted)
rElec    .         Reflect  .   o - +0 cloak
rCorr    .         Harm     .   O - +0 pair of gloves
MR       +....                  n - +0 pair of boots
Stlth    ..........             t - amulet of the gourmand
Regen    0.4/turn               (no ring)
MPRegen  0.2/turn               (no ring)

@: berserking, very quick
A: retaliatory headbutt, horns 2
a: Berserk, Trog's Hand, Brothers in Arms, Burn Spellbooks, Renounce Religion


You were on level 9 of the Dungeon.
You worshipped Trog.
Trog was extremely pleased with you.
You were very full.

You visited 1 branch of the dungeon, and saw 10 of its levels.
You also visited: Ossuary.

You collected 480 gold pieces.
You spent 95 gold pieces at shops.

Inventory:

Hand Weapons
 a - a +1 spear (weapon)
Missiles
 i - 132 arrows (quivered)
Armour
 b - a +0 animal skin
 n - a +0 pair of boots (worn)
 o - a +0 cloak (worn)
 p - a +1 leather armour of fire resistance
 q - a +1 ring mail of magic resistance (worn)
 M - a +2 scale mail of cold resistance
 O - a +0 pair of gloves (worn)
Jewellery
 t - an amulet of the gourmand (around neck)
Wands
 D - a wand of confusion (19/48)
 I - a wand of enslavement (16/24)
 K - a wand of digging (21/24)
 L - a wand of digging (1/24)
Scrolls
 d - 8 scrolls of remove curse
 e - 4 scrolls of random uselessness {unknown}
 g - 11 scrolls of identify
 k - 7 scrolls of teleportation
 r - 5 scrolls of magic mapping
 s - 2 scrolls of enchant armour {unknown}
 v - a scroll of holy word {unknown}
 x - 3 scrolls of recharging {unknown}
 y - 3 scrolls of fear {unknown}
 A - a scroll of amnesia {unknown}
 G - 2 scrolls of immolation {unknown}
 J - a scroll of blinking {unknown}
 P - 3 scrolls of fog {unknown}
Potions
 h - 11 potions of curing
 j - a potion of haste
 m - 2 potions of heal wounds
 u - 2 potions of berserk rage {unknown}
 w - 5 potions of lignification {unknown}
 z - a potion of brilliance {unknown}
 C - 2 potions of flight {unknown}
 E - 5 potions of degeneration {unknown}
 F - a potion of mutation {unknown}
 H - a potion of magic {unknown}
 N - a potion of agility {unknown}
Comestibles
 c - 4 bread rations
 f - 6 royal jellies
 l - 3 meat rations
 B - a fruit
 Q - a chunk of flesh


   Skills:
 + Level 10.3 Fighting
 + Level 10.5 Polearms
 + Level 9.5 Armour
 + Level 8.9 Dodging


You had 9 spell levels left.
You didn't know any spells.

Dungeon Overview and Level Annotations

Branches:
Dungeon (10/15)            Temple (0/1) D:5
   Lair: D:8-11         Orc: D:9-12

Altars:
Ashenzari
Cheibriados
Elyvilon
Fedhas
Gozag
Kikubaaqudgha
Okawaru
Sif Muna
Trog
Uskayaw
Wu Jian
Yredelemnul
The Shining One

Shops:
D:5 %   D:6 *


Innate Abilities, Weirdness & Mutations

You reflexively headbutt those who attack you in melee.
You have a pair of horns on your head.


Message History

The cyclops is moderately wounded.
The cyclops throws a large rock.
The large rock hits you!!
* * * LOW HITPOINT WARNING * * *
Attack whom?
Press: ? - help, Dir - move target cursor, f/p - cyclops
Aim: a cyclops (moderately wounded)
You reach to attack!
You puncture the cyclops!
The cyclops is severely wounded.
Attack whom?
Press: ? - help, Dir - move target cursor, f/p - cyclops
Aim: a cyclops (severely wounded)
You reach to attack!
You hit the cyclops but do no damage.
The cyclops is severely wounded.
Attack whom?
Press: ? - help, Dir - move target cursor, f/p - cyclops
Aim: a cyclops (severely wounded)
You reach to attack!
You puncture the cyclops!
The cyclops is severely wounded.
The cyclops throws a large rock.
The large rock hits you!!
You die...

...# ..# #..# #...# ...# .#
#..# #...# ...# #..# #...#
##.## #..# #...# #...###..#
#..# #...#
.....##..####..####...#
......#....([.........######
.._........................#
......#.......(.@..#########
.....#############C# #...##
#.# ##.###############.#
...................#
...................#
#..................#########
#...######..#####..........#
#...# #..# #..........#


You could see a cyclops.

Vanquished Creatures
  A troll (D:8)
  Prince Ribbit (D:9)
  A hippogriff (D:7)
  A slime creature (D:7)
  A tarantella (shapeshifter) (D:8)
  3 hogs (D:7)
  A yak (D:7)
  A human (D:7)
  A vampire mosquito (D:8)
  A water moccasin (D:9)
  2 orc warriors
  A sky beast (D:8)
  3 ice beasts
  A black bear (D:7)
  6 ogres
  A centaur (D:8)
  A crocodile (D:9)
  A big kobold (D:7)
  5 bullfrogs
  A gnoll sergeant (D:8)
  A scorpion (D:8)
  3 killer bees (D:8)
  5 wights (D:6)
  2 howler monkeys (D:5)
  4 crimson imps
  2 bullfrog zombies (D:7)
  2 centaur zombies (Ossuary)
  A hound (D:4)
  A human zombie (Ossuary)
  7 jellies (D:7)
  5 orc priests
  12 orc wizards
  A centaur skeleton (D:4)
  13 worker ants
  2 hound skeletons
  5 mummies
  8 gnolls
  8 adders
  3 shadow imps
  15 oozes (D:7)
  An adder skeleton (D:8)
  3 worms
  A dart slug (D:2)
  2 leopard geckos
  39 orcs
  4 giant cockroaches
  4 gnoll zombies (Ossuary)
  5 goblins
  5 hobgoblins
  9 jackals
  8 kobolds
  7 quokkas
  7 bats
  2 frilled lizards (D:1)
  A giant cockroach zombie (D:5)
  A hobgoblin zombie (Ossuary)
  A leopard gecko zombie (D:8)
  9 rats
243 creatures vanquished.

Vanquished Creatures (others)
  An orc wizard (D:4)
  3 fungi (D:7)
4 creatures vanquished.

Grand Total: 247 creatures vanquished

Notes
Turn   | Place    | Note
-------+----------+-------------------------------------------
     0 | D:1      | nikopol the Minotaur Berserker began the quest for the Orb.
     0 | D:1      | Reached XP level 1. HP: 19/19 MP: 0/0
   161 | D:1      | Reached XP level 2. HP: 26/27 MP: 1/1
   491 | D:2      | Reached ** piety under Trog
   564 | D:2      | Reached XP level 3. HP: 33/33 MP: 2/2
   863 | D:2      | Found a white marble altar of Elyvilon.
   994 | D:2      | Found a basalt altar of Yredelemnul.
  1223 | D:3      | Reached XP level 4. HP: 30/40 MP: 3/3
  1419 | D:3      | You fall through a shaft!
  1516 | D:4      | Reached XP level 5. HP: 45/47 MP: 4/4
  1602 | D:4      | Noticed an ogre
  1608 | D:4      | Killed an ogre
  1608 | D:4      | Reached skill level 5 in Fighting
  1608 | D:4      | Reached skill level 5 in Polearms
  2192 | D:4      | Reached XP level 6. HP: 38/56 MP: 5/5
  2707 | D:5      | Entered Level 5 of the Dungeon
  2726 | D:5      | Reached *** piety under Trog
  2738 | D:5      | Found a staircase to the Ecumenical Temple.
  2786 | D:5      | Found Anaom's Food Shoppe.
  2929 | D:5      | Reached skill level 5 in Armour
  2929 | D:5      | Reached XP level 7. HP: 58/62 MP: 6/6
  3179 | D:5      | Reached skill level 5 in Dodging
  3546 | D:5      | Found a glowing golden altar of the Shining One.
  3802 | D:6      | Reached XP level 8. HP: 65/71 MP: 7/7
  4399 | D:6      | Reached **** piety under Trog
  4633 | D:6      | Found Faommot's Assorted Antiques.
  4646 | D:6      | Bought a scorched steel amulet for 95 gold pieces
  4646 | D:6      | Identified the amulet "Masaiw" {Inacc rPois Int+4} (You bought it in a shop on level 6 of the Dungeon)
  4708 | D:6      | Noticed a moth of wrath
  4711 | D:6      | Found a bloodstained altar of Trog.
  4811 | D:6      | Found an ornate altar of the Wu Jian Council.
  5158 | D:6      | Found an iron altar of Okawaru.
  5409 | D:6      | Upgraded the game from 0.20-a0-876-g2c7b0bf to 0.20-a0-893-g832831a
  5480 | D:7      | Noticed a hippogriff
  5498 | D:7      | Killed a hippogriff
  5498 | D:7      | Reached XP level 9. HP: 45/81 MP: 8/8
  5571 | D:7      | Found a sand-covered staircase.
  5579 | Ossuary  | Entered an ossuary
  6275 | D:7      | Reached ***** piety under Trog
  6478 | D:7      | You fall through a shaft for 3 floors!
  6478 | D:10     | Entered Level 10 of the Dungeon
  6516 | D:9      | Found a blossoming altar of Fedhas.
  6657 | D:8      | Found an opulent altar of Gozag.
  6662 | D:7      | Found an ancient bone altar of Kikubaaqudgha.
  6699 | D:8      | Found a shattered altar of Ashenzari.
  6731 | D:8      | Found a snail-covered altar of Cheibriados.
  6906 | D:8      | Found a hide-covered altar of Uskayaw.
  6916 | D:8      | Noticed a dagger
  6918 | D:8      | Noticed a dagger
  6967 | D:8      | Found a deep blue altar of Sif Muna.
  7549 | D:7      | Received a gift from Trog
  7659 | D:7      | Reached XP level 10. HP: 69/91 MP: 9/9
  8611 | D:8      | Reached skill level 10 in Polearms
  8938 | D:8      | Reached skill level 10 in Fighting
  9132 | D:8      | Received a gift from Trog
  9534 | D:9      | Noticed Prince Ribbit
  9545 | D:9      | Killed Prince Ribbit
  9832 | D:9      | Noticed a cyclops
  9842 | D:9      | Hit by a large rock thrown by a cyclops

Vault maps used:
D:1:      lemuel_arrival_tunnels
D:2:      nicolae_overflow_crystal_walls, yredelemnul_altar_generic
D:3:      minmay_misc_feat_hallway
D:4:      first_bread
D:5:      kennysheep_little_box, minmay_temple_entry_glass, serial_shops, shop
D:6:      marbit_many_paths, tgw_trog, okawaru_metal_pillars_3, serial_shops,
          shop
D:7:      lemuel_slime, nicolae_overflow_hidden_temple,
          lightli_ossuary_entry_decrepit_ruins, grunt_livestock
D:8:      lemuel_crystal_altar, dancing_weapons_uskayaw, lemuel_round_altar,
          slow_altar_1, overflow_temple_1_default, minivault_26,
          minmay_evil_grid
D:9:      cheibrodos_helix_gallery, lemuel_round_altar, uniq_prince_ribbit1
D:10:     david_lair_shrubbed, david_orc_2, lemuel_altar_in_water2
Ossuary:  ossuary_crypta

Skill      XL: |  1  2  3  4  5  6  7  8  9 10 |
---------------+-------------------------------+-----
Fighting       | 4 5 6 8 9 10 | 10.3
Armour         | 3 4 5 7 8 9 |  9.5
Polearms       | 4 5 6 8 9 10 | 10.5
Dodging        | 3 4 5 6 7 8 |  8.9

Action                   |  1- 3 |  4- 6 |  7- 9 | 10-12 || total
-------------------------+-------+-------+-------+-------++-------
Melee: Spear             |   113 |   154 |   538 |   247 ||  1052
       Headbutt          |    14 |    30 |   109 |    48 ||   201
Invok: Burn Spellbooks   |       |     1 |     1 |     1 ||     3
       Berserk           |       |     1 |     3 |     2 ||     6
  Use: Scroll            |       |     4 |     5 |       ||     9
  Eat: Chunk             |     1 |    14 |    24 |     9 ||    48
Armor: Animal skin       |    18 |     1 |       |       ||    19
       Leather armour    |       |     1 |       |       ||     1
       Ring mail         |       |    26 |    93 |    35 ||   154
Dodge: Dodged            |    58 |    56 |   218 |   103 ||   435
